 Dungeon Crawl Stone Soup version 0.14-a0-1719-ga7e7698 (webtiles) character file.

110 4tharraofdagon the Firebug (level 3, 0/29 HPs)
             Began as a Djinni Fire Elementalist on Jan 2, 2014.
             Was a Follower of Cheibriados.
             Slain by an orc
             ... wielding a -1,+4 orcish hand axe of chopping
              (2 damage)
             ... on Level 3 of the Dungeon.
             The game lasted 00:03:44 (684 turns).

4tharraofdagon the Firebug (DjFE)                    Turns: 684, Time: 00:03:44

HP   0/29        AC  3     Str 13      XL: 3   Next: 64%
MP   0/0         EV 12     Int 18      God: Cheibriados [*.....]
Gold 57          SH  0     Dex 15      Spells:  2 memorised,  4 levels left

rFire  + + +     SeeInvis .     f - +2 dwarf dagger
rCold  x . .     Clarity  .     a - +0 robe
rNeg   + + +     Conserve .     (no shield)
rPois  .         rCorr    .     k - +1 wizard hat
rElec  .         rRot     .     (no cloak)
SustAb . .       Spirit   .     (no gloves)
rMut   .         Warding  .     (boots unavailable)
Saprov . . .     Stasis   .     (no amulet)
                                (no ring)
                                h - +3 ring of strength

@: flying, very slightly contaminated, very slow, not resistant to hostile
enchantments, fairly stealthy
A: fire immunity, cold vulnerability, life protection 3
a: Bend Time, Renounce Religion


You were on level 3 of the Dungeon.
You worshipped Cheibriados.
Cheibriados was aware of your devotion.
You were not hungry.

You visited 1 branch of the dungeon, and saw 4 of its levels.

You collected 57 gold pieces.

Inventory:

Hand weapons
 f - a +2,+2 dwarven dagger (weapon)
Armour
 a - a +0 robe (worn)
 k - a +1 wizard hat (worn)
Magical devices
 d - a wand of digging (14)
Scrolls
 c - a scroll of enchant armour {unknown}
 e - 3 scrolls of remove curse {unknown}
 i - a scroll of curse armour {unknown}
 j - a scroll of fear {unknown}
 n - a scroll of amnesia {unknown}
Jewellery
 h - a +3 ring of strength (left hand)
Potions
 l - a potion of curing
 m - a potion of speed {unknown}
Books
 b - a book of Flames

   Spells                             Type                      Level
   *Flame Tongue                      Conjuration/Fire             1
   Throw Flame                        Conjuration/Fire             2
   *Conjure Flame                     Conjuration/Fire             3
   Inner Flame                        Hexes/Fire                   3
   Sticky Flame                       Conjuration/Fire             4
   Fireball                           Conjuration/Fire             5
 g - a book of Hinderance

   Spells                             Type                      Level
   Confusing Touch                    Hexes                        1
   Slow                               Hexes                        2
   Confuse                            Hexes                        3
   Petrify                            Transmutation/Earth          4
   Leda's Liquefaction                Hexes/Earth                  4
   Metabolic Englaciation             Hexes/Ice                    6


   Skills:
 - Level 1.7 Dodging
 - Level 1.5 Stealth
 + Level 3.1 Spellcasting
 * Level 2.5 Conjurations
 * Level 4.9 Fire Magic


You had 4 spell levels left.
You knew the following spells:

 Your Spells              Type           Power        Failure   Level  Hunger
a - Flame Tongue          Conj/Fire      ###..        3%          1    None
b - Conjure Flame         Conj/Fire      ###.....     12%         3    ###....


Dungeon Overview and Level Annotations

Branches:
Dungeon (4/16)
 Temple: D:4-7

Altars:
Cheibriados
Elyvilon
Nemelex Xobeh
Sif Muna
Trog


Innate Abilities, Weirdness & Mutations

You are immune to all types of fire, even holy and hellish.
You are vulnerable to cold.
You need no food.
You have no legs.
You are immune to negative energy.


Message History

There is a stone staircase leading up here.
The orc barely misses you.
You fly upwards.
There is a stone staircase leading down here.
Casting: Flame Tongue
Confirm with . or Enter, or press ? or * to list all spells.
Aiming: Flame Tongue
Press: ? - help, Shift-Dir - straight line, f - orc
Aim: an orc, wielding a runed orcish hand axe The flame misses the orc.
Casting: Flame Tongue
Confirm with . or Enter, or press ? or * to list all spells.
Aiming: Flame Tongue
Press: ? - help, Shift-Dir - straight line, f/p - orc
Aim: an orc, wielding a runed orcish hand axe The flame hits the orc.
The orc is severely wounded.
The orc hits you with a runed orcish hand axe.
* * * LOW HITPOINT WARNING * * *
You die...

#.# #.# ##### ..# #..
..# #.. ####### ..# ##
#.. #.....# #.# .. . .
#.....# #.# .##...
#(....#
#.##......######.....#
)......(........o###.#
.>.....###...#..@.# .#
........##. #....# .#
........# ##...# .#
...##...# ##.## .#
....##### #.# .# ....#
#.# .# #....# ####.# .
#...... #....# #......
#....# #


You could see an orc.

Vanquished Creatures
  An adder (D:2)
  A giant mite (D:3)
  3 orcs
  3 bats
  3 goblins
  5 hobgoblins
  6 jackals
  6 kobolds
  2 giant cockroaches (D:2)
  2 giant newts
  A rat (D:2)
33 creatures vanquished.

Notes
Turn   | Place    | Note
--------------------------------------------------------------
     0 | D:1      | 4tharraofdagon, the Djinni Fire Elementalist, began the quest for the Orb.
     0 | D:1      | Reached XP level 1. HP: 14/14 MP: 0/0
   134 | D:2      | Reached XP level 2. EP: 1/22
   154 | D:2      | HP: 1/22 [kobold (2)]
   236 | D:2      | HP: 1/22 [giant cockroach (1)]
   293 | D:2      | Found a deep blue altar of Sif Muna.
   294 | D:2      | Found a snail-covered altar of Cheibriados.
   296 | D:2      | Found a bloodstained altar of Trog.
   297 | D:2      | Found a white marble altar of Elyvilon.
   304 | D:2      | Became a worshipper of Cheibriados the Contemplative
   407 | D:1      | Reached XP level 3. EP: 25/28
   477 | D:3      | Learned a level 3 spell: Conjure Flame
   511 | D:3      | Found a sparkling altar of Nemelex Xobeh.
   684 | D:3      | Slain by an orc

Action                   || total
-------------------------++-------
Melee: Dagger            ||    49
 Cast: Flame Tongue      ||    38
Evoke: Wand              ||     1
  Use: Potion            ||     1
